 Dungeon Crawl Stone Soup version 0.32-a0-42-ga30500b4d3 (webtiles) character file.

Game seed: 6400895914921564372

2209 Newt the Skirmisher (level 9, -5/59 HPs)
             Began as a Kobold Hunter on Jan 31, 2024.
             Was a Follower of Okawaru.
             Slain by a manticore (8 damage)
             ... on level 7 of the Dungeon.
             The game lasted 00:05:29 (6219 turns).

Newt the Skirmisher (Kobold Hunter)                 Turns: 6219, Time: 00:05:30

Health: -5/59      AC:  4    Str:  8    XL:     9   Next: 61%
Magic:  0/9        EV: 21    Int: 10    God:    Okawaru [*.....]
Gold:   369        SH:  0    Dex: 23    Spells: 8/8 levels left

rFire   . . .        a - +0 shortbow
rCold   . . .        (shield currently unavailable)
rNeg    + . .        c - +0 leather armour
rPois   .            (no helmet)
rElec   .            (no cloak)
rCorr   .            (no gloves)
SInv    .            k - +0 pair of boots
Will    +....        h - amulet of guardian spirit
Stlth   +++          i - +4 ring of slaying
HPRegen 0.29/turn    p - ring of positive energy
MPRegen 0.11/turn

%: guardian spirit
@: spiked, attractive, enlightened, flying
A: small, no large weapons, nightstalker 3
a: Renounce Religion, Heroism


You were on level 7 of the Dungeon.
You worshipped Okawaru.
Okawaru was aware of your devotion.
You visited 2 branches of the dungeon, and saw 8 of its levels.

You collected 369 gold pieces.

Inventory:

Hand Weapons
 a - a +0 shortbow (weapon)
Armour
 c - a +0 leather armour (worn)
 k - a +0 pair of boots (worn)
Jewellery
 h - an amulet of guardian spirit (around neck)
 i - a +4 ring of slaying (left hand)
 p - a ring of positive energy (right hand)
Scrolls
 e - 4 scrolls of teleportation
Potions
 d - 2 potions of brilliance
 j - a potion of resistance {unknown}
 l - a potion of degeneration {unknown}
 m - a potion of attraction
 n - a potion of enlightenment


   Skills:
 + Level 8.0 Fighting
 * Level 10.0 Ranged Weapons
 - Level 9.3 Dodging
 - Level 1.3 Stealth


You had 8 spell levels left.
You didn't know any spells.
Your spell library contained the following spells:

 Spells                   Type           Power      Damage    Failure   Level
 Stone Arrow              Conj/Erth      0%         3d7       86%         3
 Brom's Barrelling Bould  Conj/Erth      0%         2d3       99%         4
 Fireball                 Conj/Fire      0%         3d3       100%        5
 Iskenderun's Battlesphe  Conj           0%         2d6       100%        5
 Conjure Ball Lightning   Conj/Air       0%         3x3d6     100%        6
 Orb of Destruction       Conj           0%         9d5       100%        7
 Lehudib's Crystal Spear  Conj/Erth      0%         10d2      100%        8
 Animate Armour           Summ/Erth      Unusable   N/A       N/A         4

Dungeon Overview and Level Annotations

Branches:
Dungeon (7/15)             Temple (1/1) D:5

Altars:
Ashenzari
Cheibriados
Dithmenos
Elyvilon
Fedhas
Kikubaaqudgha
Makhleb
Okawaru
Qazlal
Ru
Sif Muna
Trog
Uskayaw
Wu Jian
Xom
Yredelemnul
Zin
The Shining One


Innate Abilities, Weirdness & Mutations

You are small and have problems with some larger weapons.
You are completely attuned to the shadows.


Message History

You shoot an arrow. The arrow barely misses the manticore.
The manticore bites you. The manticore barely misses you.
The manticore closely misses you.
You shoot an arrow. The arrow hits the manticore.
The manticore is heavily wounded.
The manticore barely misses you. The manticore claws you!
The manticore closely misses you.
You shoot an arrow.
The arrow hits the manticore but does no damage.
The manticore is heavily wounded.
The manticore barely misses you. x2; The manticore completely misses you.
You shoot an arrow. The arrow hits the manticore.
The manticore is heavily wounded.
The manticore misses you. The manticore claws you.
The manticore closely misses you.
You shoot an arrow. The arrow hits the manticore.
The manticore is severely wounded.
The manticore bites you!!
* * * LOW HITPOINT WARNING * * *
The manticore claws you but does no damage.
The manticore claws you.
* * * LOW HITPOINT WARNING * * *
Okay, then.
Blink to where?
Press: ? - help, Dir - move target, p - manticore
As you read the scroll of blinking, it crumbles to dust.
The manticore flicks its tail.
The volley of spikes skewers you!
The barbed spikes become lodged in your body.
* * * LOW HITPOINT WARNING * * *
It was a potion of attraction.
You feel attractive to monsters.
The manticore flicks its tail.
The volley of spikes misses you. The manticore is attracted toward you.
It was a potion of enlightenment.
You feel very buoyant.
You fly up into the air.
The manticore bites you but does no damage.
The manticore claws you!
You die...

......# ##.#.##
......# #.###.#
......#####.#.##
......##.......#
......##.##.##.#
##.#........##.#
......##.#>.##.#
##.#..##
#(.##.#######
.......
.......@.....
####..#
..#####H.### ..
.. . ####..###
... #...§....
### #.##§.### #
#.... ....##
###.#


You could see a manticore.

Vanquished Creatures
  A wraith (D:6)
  A water moccasin (D:3)
  A sky beast (D:6)
  2 black bears
  A phantom (D:6)
  A bullfrog (D:6)
  3 scorpions
  4 wights (D:7)
  5 killer bees (D:5)
  A howler monkey (D:5)
  A gnoll bouda (D:5)
  4 hounds
  3 orc priests
  3 sleepcaps
  7 iguanas
  Natasha (thrice) (D:2)
  3 orc wizards
  Terence (D:2)
  7 gnolls (D:5)
  7 adders
  A shadow imp (D:4)
  3 white imps (D:6)
  2 ribbon worms
  3 dart slugs
  11 orcs
  5 ball pythons
  7 bats
  4 endoplasms
  3 giant cockroaches
  6 goblins
  8 hobgoblins
  2 quokkas
  3 frilled lizards (D:3)
  12 kobolds
  5 rats
134 creatures vanquished.

Vanquished Creatures (others)
  An ogre (D:5)
1 creature vanquished.

Grand Total: 135 creatures vanquished

Notes
Turn   | Place    | Note
-------+----------+-------------------------------------------
     0 | D:1      | Newt the Kobold Hunter began the quest for the Orb.
     0 | D:1      | Reached XP level 1. HP: 12/12 MP: 1/1
   201 | D:1      | Reached XP level 2. HP: 13/18 MP: 2/2
   777 | D:1      | Reached skill level 6 in Ranged Weapons
   820 | D:2      | Reached XP level 3. HP: 22/22 MP: 3/3
   864 | D:2      | Noticed Terence
   875 | D:2      | Killed Terence
   876 | D:2      | Reached XP level 4. HP: 17/28 MP: 4/4
   958 | D:2      | Noticed Natasha
   964 | D:2      | Killed Natasha
   965 | D:2      | Reached skill level 7 in Ranged Weapons
  1201 | D:2      | Noticed Natasha
  1240 | D:2      | Killed Natasha
  1241 | D:2      | Reached XP level 5. HP: 18/32 MP: 5/5
  1375 | D:2      | Noticed Natasha
  1395 | D:2      | Killed Natasha
  2517 | D:3      | Noticed a water moccasin
  2528 | D:3      | Killed a water moccasin
  2529 | D:3      | Reached skill level 8 in Ranged Weapons
  2529 | D:3      | Reached XP level 6. HP: 22/39 MP: 3/6
  2596 | D:3      | Found an ornate altar of the Wu Jian Council.
  2620 | D:3      | Found a shimmering blue altar of Sif Muna.
  2916 | D:4      | Reached skill level 9 in Ranged Weapons
  2916 | D:4      | Reached XP level 7. HP: 17/44 MP: 2/7
  3459 | D:4      | Identified the +1 dagger "Ylaum" {freeze, rN++ Str-4}
  3563 | D:5      | Entered Level 5 of the Dungeon
  3586 | D:5      | Reached skill level 5 in Fighting
  3646 | D:5      | Reached skill level 10 in Ranged Weapons
  3759 | D:5      | Reached XP level 8. HP: 51/51 MP: 8/8
  3809 | D:5      | Reached skill level 5 in Dodging
  4199 | D:5      | Found a staircase to the Ecumenical Temple.
  4209 | Temple   | Entered the Ecumenical Temple
  4250 | D:5      | Found a hide-covered altar of Uskayaw.
  4299 | Temple   | Became a worshipper of Warmaster Okawaru
  4780 | D:6      | Found a sacrificial altar of Ru.
  4794 | D:6      | Reached XP level 9. HP: 56/56 MP: 9/9
  5003 | D:6      | Reached * piety under Okawaru
  6205 | D:7      | Noticed a manticore
  6217 | D:7      | HP: 2/59 [manticore/volley of spikes (7)]
  6219 | D:7      | Slain by a manticore

Illustrated notes

Levels and vault maps discovered:
D:1:      psy_arrival_statuary, layout_basic
D:2:      layout_rooms, uniq_terence, uniq_natasha
D:3:      layout_basic, mainiacjoe_overflow_swirl, dk_noncrumbling_2,
          serial_bayou_crossing
D:4:      layout_rooms, nicolae_houndstooth_variations
D:5:      lemuel_ice_spiral_2, layout_rooms, mainiacjoe_overflow_brackets,
          minmay_temple_entry_enclosed_plants
D:6:      layout_cave_pods, nicolae_ru_great_annihilating_truth,
          kennysheep_generic_room_6
D:7:      layout_loops_cross, mainiacjoe_overflow_cross_hatched,
          nicolae_water_bricks
Temple:   nicolae_temple_two_arcs

Skill      XL: |  1  2  3  4  5  6  7  8  9 |
---------------+----------------------------+-----
Ranged Weapons | 6 7 8 9 10 | 10.0
Fighting       | 3 4 5 6 8 |  8.0
Dodging        | 3 7 9 |  9.3
Stealth        | |  1.3

Action                     |  1- 3 |  4- 6 |  7- 9 || total
---------------------------+-------+-------+-------++-------
   Fire: Shortbow          |    65 |   131 |   274 ||   470
    Use: Scroll            |     4 |     4 |     5 ||    13
         Potion            |       |       |     7 ||     7
 Armour: Leather armour    |    11 |    37 |    74 ||   122
         Skin              |       |       |     9 ||     9
  Dodge: Dodged            |    20 |    45 |   123 ||   188

Table legend: (Time is in decaauts)
 A = Elapsed time spent in this place.
 B = Non-inter-level travel time spent in this place.
 C = Inter-level travel time spent in this place.
 D = Time resting spent in this place.
 E = Time spent auto-exploring this place.
 F = Levels seen in this place.
 G = Mean time per level.
                   A        B        C        D        E       F      G
               +--------+--------+--------+--------+--------+-----+--------+
         Total |   6251 |   6072 |    179 |    931 |   4337 |   8 |  781.4 |
       Dungeon |   6230 |   6069 |    161 |    931 |   4337 |   7 |  890.0 |
        Temple |     21 |      3 |     18 |      0 |      0 |   1 |   21.0 |
               +--------+--------+--------+--------+--------+-----+--------+

Top non-repeatable levels by time:
     D:6: 1155 daAuts
     D:3: 1098 daAuts
     D:5: 1018 daAuts
     D:2: 867 daAuts
     D:1: 825 daAuts
     D:4: 799 daAuts
     D:7: 466 daAuts
  Temple: 21 daAuts
